| TOP OF THE 1ST |
|
Tucson Toros batting - Pitching for San Jose Missions : LHP Jerry Gomez
|
|
Pitching: LHP Jerry Gomez
|
|
|
Batting: RHB Talmadge Tanks
|
0-0: Foul Ball, location: 2F 0-1: Foul Ball, location: 2F 0-2: Fly out, F8 (Line Drive, 8LM, EV 88.1 MPH)
|
|
Batting: RHB Lee Muszynski
|
0-0: Called Strike 0-1: Ground out 1-3 (Groundball, 15S, EV 63.8 MPH)
|
|
Batting: RHB Kevin McReynolds
|
0-0: Ball 1-0: Called Strike 1-1: Called Strike 1-2: Fly out, F7 (Flyball, 78XD, EV 105.6 MPH)
|
| Top of the 1st over - 0 runs, 0 hits, 0 errors, 0 left on base; Tucson 0 - San Jose 0 |
| BOTTOM OF THE 1ST |
|
San Jose Missions batting - Pitching for Tucson Toros : RHP Rex Jackson
|
|
Pitching: RHP Rex Jackson
|
|
|
Batting: SHB Curt Bryan
|
0-0: Ball 1-0: Ball 2-0: Ball 3-0: Base on Balls
|
|
Batting: LHB Glen Franklin
|
0-0: Called Strike Curt Bryan steals 2nd base (no throw) 0-1: Foul Ball, location: 2F 0-2: Ground out 4-3 (Groundball, 4, EV 78.1 MPH) Curt Bryan to third
|
|
Batting: SHB David Piller
|
0-0: 2-RUN HOME RUN (Flyball, 89XD, EV 103.8 MPH), Distance : 399 ft
|
|
Batting: LHB Rich Gedman
|
0-0: Swinging Strike 0-1: Ball 1-1: Called Strike 1-2: Ball 2-2: Fly out, F6 (Line Drive, 6, EV 65.6 MPH)
|
|
Batting: RHB Paul Runge
|
0-0: Foul Ball, location: 2F 0-1: Ball 1-1: Called Strike 1-2: Ball 2-2: Ball 3-2: Ground out 3-1 (Groundball, 34, EV 108.1 MPH)
|
| Bottom of the 1st over - 2 runs, 1 hit, 0 errors, 0 left on base; Tucson 0 - San Jose 2 |
| TOP OF THE 2ND |
|
Tucson Toros batting - Pitching for San Jose Missions : LHP Jerry Gomez
|
|
Batting: LHB Tim Krauss
|
0-0: Called Strike 0-1: Called Strike 0-2: Foul Ball, location: 2F 0-2: Ball 1-2: Foul Ball, location: 2F 1-2: Ball 2-2: Foul Ball, location: 2F 2-2: Fly out, F8 (Line Drive, 8RM, EV 91.9 MPH)
|
|
Batting: RHB David Holmes
|
0-0: Ball 1-0: Swinging Strike 1-1: Ball 2-1: Ball 3-1: Base on Balls
|
|
Batting: LHB Pat Dodson
|
0-0: Ball 1-0: Ball 2-0: Swinging Strike 2-1: Reached on error, E8 (Line Drive, 8LD, EV 85.6 MPH) David Holmes to second
|
|
Batting: SHB Michael Miara
|
0-0: Called Strike 0-1: Called Strike 0-2: Ball 1-2: Strikes out looking
|
|
Batting: LHB Juan Bustabad
|
0-0: Ball 1-0: Ball 2-0: Foul Ball, location: 2F 2-1: Foul Ball, location: 2F 2-2: Foul Ball, location: 2F 2-2: Ball 3-2: Foul Ball, location: 2F 3-2: Ground out 4-3 (Groundball, 4, EV 92.5 MPH)
|
| Top of the 2nd over - 0 runs, 0 hits, 1 error, 2 left on base; Tucson 0 - San Jose 2 |
| BOTTOM OF THE 2ND |
|
San Jose Missions batting - Pitching for Tucson Toros : RHP Rex Jackson
|
|
Batting: LHB Marvell Wynne
|
0-0: Ground out 5-3 (Groundball, 5, EV 87.5 MPH)
|
|
Batting: LHB Steven Michael
|
0-0: Ground out 6-3 (Groundball, 6, EV 105.6 MPH)
|
|
Batting: LHB Jack Perconte
|
0-0: Swinging Strike 0-1: Ball 1-1: Foul Ball, location: 2F 1-2: Fly out, F9 (Flyball, 89D, EV 109.4 MPH)
|
| Bottom of the 2nd over - 0 runs, 0 hits, 0 errors, 0 left on base; Tucson 0 - San Jose 2 |
| TOP OF THE 3RD |
|
Tucson Toros batting - Pitching for San Jose Missions : LHP Jerry Gomez
|
|
Batting: LHB Jeremy Penk
|
0-0: Ball 1-0: Ball 2-0: Ball 3-0: Called Strike 3-1: Called Strike 3-2: Fly out, F3 (Line Drive, 3, EV 68.1 MPH)
|
|
Batting: RHB Talmadge Tanks
|
0-0: Foul Ball, location: 2F 0-1: Ball 1-1: Ball 2-1: Ground out U3 (Groundball, 34, EV 88.8 MPH)
|
|
Batting: RHB Lee Muszynski
|
0-0: Ball 1-0: Reached on error, E5 (Groundball, 5L, EV 80.0 MPH)
|
|
Batting: RHB Kevin McReynolds
|
0-0: Foul Ball, location: 2F 0-1: Ball 1-1: Ball 2-1: Called Strike 2-2: Ball 3-2: Foul Ball, location: 2F 3-2: Foul Ball, location: 2F 3-2: SINGLE (Line Drive, 56D, EV 94.4 MPH) Lee Muszynski to third Lee Muszynski scores
|
|
Batting: LHB Tim Krauss
|
0-0: Called Strike 0-1: Fly out, F7 (Line Drive, 7S, EV 96.3 MPH)
|
| Top of the 3rd over - 1 run, 1 hit, 1 error, 1 left on base; Tucson 1 - San Jose 2 |
| BOTTOM OF THE 3RD |
|
San Jose Missions batting - Pitching for Tucson Toros : RHP Rex Jackson
|
|
Batting: LHB Jesus Valerio
|
0-0: Ball 1-0: Ball 2-0: Ball 3-0: Called Strike 3-1: Foul Ball, location: 2F 3-2: Strikes out swinging
|
|
Batting: SHB Curt Bryan
|
0-0: SINGLE (Groundball, 6S, EV 68.8 MPH) (infield hit)
|
|
Batting: LHB Glen Franklin
|
0-0: Called Strike 0-1: Ball 1-1: Ball 2-1: Called Strike 2-2: Foul Ball, location: 2F 2-2: Foul Ball, location: 2F 2-2: Ball Curt Bryan steals 2nd base 3-2: Ground out 4-3 (Groundball, 4, EV 106.3 MPH) Curt Bryan to third
|
|
Batting: SHB David Piller
|
0-0: Ball 1-0: Swinging Strike 1-1: Ground out 5-3 (Groundball, 56, EV 97.5 MPH)
|
| Bottom of the 3rd over - 0 runs, 1 hit, 0 errors, 1 left on base; Tucson 1 - San Jose 2 |
| TOP OF THE 4TH |
|
Tucson Toros batting - Pitching for San Jose Missions : LHP Jerry Gomez
|
|
Batting: RHB David Holmes
|
0-0: Ground out 6-3 (Groundball, 6MS, EV 87.5 MPH)
|
|
Batting: LHB Pat Dodson
|
0-0: Called Strike 0-1: Swinging Strike 0-2: Ball 1-2: Ball 2-2: Ball 3-2: Strikes out looking
|
|
Batting: SHB Michael Miara
|
0-0: Ball 1-0: Foul Ball, location: 2F 1-1: Ball 2-1: Ball 3-1: Foul Ball, location: 2F 3-2: Strikes out swinging
|
| Top of the 4th over - 0 runs, 0 hits, 0 errors, 0 left on base; Tucson 1 - San Jose 2 |
| BOTTOM OF THE 4TH |
|
San Jose Missions batting - Pitching for Tucson Toros : RHP Rex Jackson
|
|
Batting: LHB Rich Gedman
|
0-0: Ground out 4-3 (Groundball, 34, EV 87.5 MPH)
|
|
Batting: RHB Paul Runge
|
0-0: Called Strike 0-1: Ball 1-1: Called Strike 1-2: Ground out 6-3 (Groundball, 6, EV 93.1 MPH)
|
|
Batting: LHB Marvell Wynne
|
0-0: Ball 1-0: Called Strike 1-1: Ground out 6-3 (Groundball, 6M, EV 89.4 MPH)
|
| Bottom of the 4th over - 0 runs, 0 hits, 0 errors, 0 left on base; Tucson 1 - San Jose 2 |
| TOP OF THE 5TH |
|
Tucson Toros batting - Pitching for San Jose Missions : LHP Jerry Gomez
|
|
Batting: LHB Juan Bustabad
|
0-0: Called Strike 0-1: Swinging Strike 0-2: Ground out 6-3 (Groundball, 56, EV 100.6 MPH)
|
|
Batting: LHB Jeremy Penk
|
0-0: Ball 1-0: Fly out, F6 (Flyball, 4MD, EV 94.4 MPH)
|
|
Batting: RHB Talmadge Tanks
|
0-0: Ball 1-0: Swinging Strike 1-1: Ground out 6-3 (Groundball, 6, EV 96.9 MPH)
|
| Top of the 5th over - 0 runs, 0 hits, 0 errors, 0 left on base; Tucson 1 - San Jose 2 |
| BOTTOM OF THE 5TH |
|
San Jose Missions batting - Pitching for Tucson Toros : RHP Rex Jackson
|
|
Batting: LHB Steven Michael
|
0-0: SINGLE (Groundball, 6D, EV 103.8 MPH)
|
|
Pitching: LHP Dan Schatzeder
|
|
|
Batting: LHB Jack Perconte
|
0-0: Bunt missed! 0-1: Foul Ball, location: 2F 0-2: Fly out, F9 (Line Drive, 9, EV 90.0 MPH)
|
|
Batting: LHB Jesus Valerio
|
0-0: Fly out, F8 (Flyball, 8RD, EV 105.0 MPH)
|
|
Batting: SHB Curt Bryan
|
0-0: Ball 1-0: Ball 2-0: Ball 3-0: Base on Balls Steven Michael to second
|
|
Batting: LHB Glen Franklin
|
0-0: SINGLE (Groundball, 4MD, EV 100.6 MPH) Steven Michael to third Curt Bryan to second Runner from 3rd tries for Home, throw by CF and OUT! 8-2
|
| Bottom of the 5th over - 0 runs, 2 hits, 0 errors, 2 left on base; Tucson 1 - San Jose 2 |
| TOP OF THE 6TH |
|
Tucson Toros batting - Pitching for San Jose Missions : LHP Jerry Gomez
|
|
Batting: RHB Lee Muszynski
|
0-0: Fly out, F7 (Flyball, 7, EV 80.6 MPH)
|
|
Batting: RHB Kevin McReynolds
|
0-0: Fly out, F4 (Popup, 34S, EV 78.1 MPH)
|
|
Batting: LHB Tim Krauss
|
0-0: Fly out, F7 (Line Drive, 7S, EV 95.0 MPH)
|
| Top of the 6th over - 0 runs, 0 hits, 0 errors, 0 left on base; Tucson 1 - San Jose 2 |
| BOTTOM OF THE 6TH |
|
San Jose Missions batting - Pitching for Tucson Toros : LHP Dan Schatzeder
|
|
Batting: SHB David Piller
|
0-0: Called Strike 0-1: Ball 1-1: SINGLE (Line Drive, 8LS, EV 99.4 MPH)
|
|
Batting: LHB Rich Gedman
|
0-0: Ball 1-0: Called Strike 1-1: Ball 2-1: Ball 3-1: Called Strike 3-2: Foul Ball, location: 2F 3-2: Strikes out looking David Piller steals 2nd base Batter strikes out.
|
|
Batting: RHB Paul Runge
|
0-0: Ball 1-0: Called Strike David Piller steals 3rd base 1-1: Foul Ball, location: 2F 1-2: Foul Ball, location: 2F 1-2: Foul Ball, location: 2F 1-2: Ball 2-2: Foul Ball, location: 2F 2-2: DOUBLE (Groundball, 5L, EV 96.3 MPH) David Piller scores
|
|
Batting: LHB Marvell Wynne
|
0-0: Called Strike 0-1: Ball 1-1: Ball 2-1: Swinging Strike 2-2: Foul Ball, location: 2F 2-2: Strikes out swinging
|
|
Batting: LHB Steven Michael
|
0-0: Called Strike 0-1: Ground out U3 (Groundball, 3, EV 105.0 MPH)
|
| Bottom of the 6th over - 1 run, 2 hits, 0 errors, 1 left on base; Tucson 1 - San Jose 3 |
| TOP OF THE 7TH |
|
Tucson Toros batting - Pitching for San Jose Missions : LHP Jerry Gomez
|
|
Batting: RHB David Holmes
|
0-0: Ball 1-0: Ball 2-0: Called Strike 2-1: Foul Ball, location: 2F 2-2: Ground out 6-3 (Groundball, 56, EV 105.6 MPH)
|
|
Batting: LHB Pat Dodson
|
0-0: Ball 1-0: Ball 2-0: Foul Ball, location: 2F 2-1: Fly out, F9 (Flyball, 9, EV 80.0 MPH)
|
|
Batting: SHB Michael Miara
|
0-0: Ball 1-0: Ground out 6-3 (Groundball, 6S, EV 82.5 MPH)
|
| Top of the 7th over - 0 runs, 0 hits, 0 errors, 0 left on base; Tucson 1 - San Jose 3 |
| BOTTOM OF THE 7TH |
|
San Jose Missions batting - Pitching for Tucson Toros : LHP Dan Schatzeder
|
|
Batting: LHB Jack Perconte
|
0-0: Ball 1-0: Ball 2-0: Called Strike 2-1: Ground out 4-3 (Groundball, 4, EV 103.8 MPH)
|
|
Batting: LHB Jesus Valerio
|
0-0: Ground out 6-3 (Groundball, 56, EV 108.1 MPH)
|
|
Batting: SHB Curt Bryan
|
0-0: Swinging Strike 0-1: Ball 1-1: Foul Ball, location: 2F 1-2: Ground out 5-3 (Groundball, 56S, EV 75.6 MPH)
|
| Bottom of the 7th over - 0 runs, 0 hits, 0 errors, 0 left on base; Tucson 1 - San Jose 3 |
| TOP OF THE 8TH |
|
Tucson Toros batting - Pitching for San Jose Missions : LHP Jerry Gomez
|
|
Batting: LHB Juan Bustabad
|
0-0: Ball 1-0: Called Strike 1-1: Called Strike 1-2: SINGLE (Line Drive, 78S, EV 98.8 MPH)
|
|
Batting: LHB Jeremy Penk
|
0-0: Ball 1-0: Ball 2-0: Foul Ball, location: 2F 2-1: Grounds into double play, 4-6-3 (Groundball, 4, EV 101.3 MPH)
|
|
Batting: RHB Talmadge Tanks
|
0-0: Swinging Strike 0-1: Foul Ball, location: 2F 0-2: Strikes out swinging, 2-3 out at first.
|
| Top of the 8th over - 0 runs, 1 hit, 0 errors, 0 left on base; Tucson 1 - San Jose 3 |
| BOTTOM OF THE 8TH |
|
San Jose Missions batting - Pitching for Tucson Toros : LHP Dan Schatzeder
|
|
Batting: LHB Glen Franklin
|
0-0: Fly out, F7 (Flyball, 78XD, EV 101.3 MPH)
|
|
Batting: SHB David Piller
|
0-0: Called Strike 0-1: Ball 1-1: Swinging Strike 1-2: Foul Ball, location: 2F 1-2: Ball 2-2: Ground out 4-3 (Groundball, 4, EV 110.0 MPH)
|
|
Batting: LHB Rich Gedman
|
0-0: Fly out, F7 (Flyball, 78M, EV 84.4 MPH)
|
| Bottom of the 8th over - 0 runs, 0 hits, 0 errors, 0 left on base; Tucson 1 - San Jose 3 |
| TOP OF THE 9TH |
|
Tucson Toros batting - Pitching for San Jose Missions : LHP Jerry Gomez
|
|
Pitching: LHP Thomas Biko
|
|
|
Batting: RHB Lee Muszynski
|
0-0: Ball 1-0: Ball 2-0: Foul Ball, location: 2F 2-1: Ground out 6-3 (Groundball, 6, EV 99.4 MPH)
|
|
Batting: RHB Kevin McReynolds
|
0-0: Ball 1-0: Ball 2-0: Called Strike 2-1: Ball 3-1: Swinging Strike 3-2: Strikes out swinging
|
|
Batting: LHB Tim Krauss
|
0-0: Ball 1-0: Foul Ball, location: 2F 1-1: Ball 2-1: Foul Ball, location: 2F 2-2: Foul Ball, location: 2F 2-2: Foul Ball, location: 2F 2-2: Ball 3-2: Ground out U3 (Groundball, 34, EV 105.6 MPH)
|
| Top of the 9th over - 0 runs, 0 hits, 0 errors, 0 left on base; Tucson 1 - San Jose 3 |
|